[Event "4NCL 2021-22"]
[Site "England"]
[Date "2022.04.30"]
[Round "7.55"]
[White "Venkatesan, Kavin"]
[Black "Dargan, Paul A G"]
[Result "1-0"]
[ECO "E49"]
[WhiteElo "2074"]
[BlackElo "2127"]
[Annotator "TA"]
[PlyCount "73"]
[EventDate "2021.11.27"]
[EventType "team-tourn"]
[EventCountry "ENG"]
[SourceTitle "playchess.com"]
[Source "ChessBase"]
[SourceQuality "1"]
[TimeControl "40/6000+30:3000+30"]

1. d4 Nf6 2. c4 e6 3. Nc3 Bb4 4. a3 Bxc3+ 5. bxc3 c5 6. e3 O-O 7. Bd3 Nc6 8. Ne2 d5 9. cxd5 exd5 10. O-O Re8 11. f3 Qa5 12. Bd2 Qc7 {[%emt 0:03:02] [#]} 13. Qe1 $146 {[%emt 0:16:39] E49: Nimzo-Indian: Rubinstein: 5 Bd3 d5 6 a3 Bxc3+ 7 bxc3.} ({Predecessor:} 13. Ng3 Be6 14. Rf2 Rac8 15. a4 b6 16. Bc1 cxd4 17. cxd4 Nb4 18. Bb5 Bd7 19. Bd2 a5 20. Bxb4 axb4 21. Bxd7 Qxd7 {½-½ (58) Potkin,V (2583)-Lautier,J (2658) Chess.com INT 2020}) 13... b6 14. Qh4 {[%emt 0:02:59] Strongly threatening e4.} Ne7 15. Rae1 {[%emt 0:09:32] White is slightly better.} Ng6 16. Qf2 Bb7 17. Ng3 Rad8 18. h3 Qd6 19. Nf5 Qd7 20. Ng3 (20. a4 $14 {feels stronger.}) 20... Qa4 21. Bc1 Ba6 {[%emt 0:00:58] Black is on the road to losing.} (21... Qa5 $11 {remains equal.}) 22. Bxa6 $16 Qxa6 23. e4 {[%emt 0:01:17][%cal Be3e4,Be4e5][%mdl 32] And now e5 would win.} cxd4 24. cxd4 {[%emt 0:00:20] Black must now prevent e5.} Rc8 $2 {[%emt 0:00:32] [#]} (24... Nd7 25. Nf5 (25. exd5 Qb5 $11) 25... Qa4) 25. e5 $1 $18 Nd7 26. f4 Qd3 27. Rd1 Qc2 28. Rd2 Qb3 29. f5 Ngf8 30. Nh5 Rc3 31. e6 Nf6 (31... Rxc1 $142 32. Rxc1 fxe6) 32. Nxf6+ gxf6 33. Re2 Qb5 34. Bh6 {[%emt 0:01:37][%cal Of2h4] Intending Qh4! and mate.} fxe6 35. fxe6 {[%emt 0:00:40] White mates.} Nxe6 {[%emt 0:00:11] [#]} 36. Qxf6 $1 Qxe2 (36... Rcc8 37. Qf7+) 37. Qf7+ {[%emt 0:00:05] Weighted Error Value: White=0.07 (flawless) /Black=0.66} 1-0

[Event "4NCL 2021-22"]
[Site "England"]
[Date "2022.04.30"]
[Round "7.56"]
[White "Lampard, Alice"]
[Black "Freeman, Gordon"]
[Result "1/2-1/2"]
[ECO "D23"]
[WhiteElo "2005"]
[BlackElo "2092"]
[Annotator "TA"]
[PlyCount "102"]
[EventDate "2021.11.27"]
[EventType "team-tourn"]
[EventCountry "ENG"]
[SourceTitle "playchess.com"]
[Source "ChessBase"]
[SourceQuality "1"]
[TimeControl "40/6000+30:3000+30"]

1. d4 d5 2. c4 c6 3. Nf3 Nf6 4. Qc2 dxc4 5. Qxc4 Bg4 6. e3 {[%emt 0:04:23] D23: Queen's Gambit Accepted: 3 Nf3 Nf6 sidelines.} Nbd7 7. Be2 e6 8. O-O Bd6 9. Nc3 O-O 10. Rd1 {[%emt 0:16:01] [#]} Qe7 $146 ({Predecessor:} 10... Rc8 11. b4 Nb6 12. Qb3 Nfd5 13. a3 Nxc3 14. Qxc3 Nd5 15. Qc2 Bb8 16. e4 Ne7 {1-0 (25) Ramirez,H (2104)-Zapata,O (1726) Mosquera 2014}) 11. Qb3 Rab8 12. e4 {[%emt 0:10:16] [#] Hoping for e5.} e5 13. d5 Nc5 14. Qc2 cxd5 15. Nxd5 Nxd5 16. Rxd5 Be6 17. Rd1 Rbc8 {[%emt 0:01:38][%cal Oc5b3] [#] Threatens to win with ...Nb3!} 18. Qb1 $1 f6 19. Be3 Rfd8 20. Nd2 Qf7 21. b3 Bf8 22. f3 Kh8 23. Nc4 {[%emt 0:02:58] The position is equal.} b5 24. Nb2 a6 25. Nd3 Nxd3 26. Rxd3 Bb4 {[%emt 0:03:39] White must now prevent ...Bc3.} 27. Qd1 Qe7 28. Rc1 h6 29. Bb6 Rxd3 30. Rxc8+ Bxc8 31. Qxd3 Bc5+ 32. Bxc5 Qxc5+ 33. Kf1 Qc1+ 34. Kf2 Qc5+ 35. Kf1 Be6 36. Qd2 Qa3 37. Kf2 Kh7 38. Qc2 Qd6 39. Qd3 Qxd3 40. Bxd3 $11 {[%emt 0:00:04][%mdl 4096] Endgame KB-KB} Kg8 41. Ke3 Kf8 42. Kd2 Ke7 43. Kc3 Kd6 44. a3 Kc6 45. b4 g5 46. Be2 Bf7 47. Bd3 h5 48. Be2 h4 49. Bf1 Bg6 50. Bd3 Kd6 51. Bc2 Be8 {[%emt 0:00:57] Weighted Error Value: White=0.05 (flawless) /Black=0.04 (flawless)} 1/2-1/2

[Event "4NCL 2021-22"]
[Site "England"]
[Date "2022.04.30"]
[Round "7.57"]
[White "Murphy, Conor E"]
[Black "Jones, Steven A"]
[Result "1/2-1/2"]
[ECO "E11"]
[WhiteElo "2421"]
[BlackElo "2215"]
[Annotator "TA"]
[PlyCount "43"]
[EventDate "2021.11.27"]
[EventType "team-tourn"]
[EventCountry "ENG"]
[SourceTitle "playchess.com"]
[Source "ChessBase"]
[SourceQuality "1"]
[TimeControl "40/6000+30:3000+30"]

1. d4 Nf6 2. c4 e6 3. Nf3 Bb4+ 4. Bd2 Qe7 5. g3 Nc6 6. Bg2 Bxd2+ 7. Nbxd2 O-O 8. O-O d6 9. e3 {[%emt 0:11:15] E11: Bogo-Indian.} e5 10. d5 Nb8 11. b4 a5 12. a3 Na6 13. Qb3 Bd7 {[%emt 0:02:05][%cal Bc8d7,Bd7c6,Bc6e4][%mdl 32] [#]} 14. Rfc1 $146 ({Predecessor:} 14. Rab1 c6 15. Rfc1 axb4 16. axb4 c5 17. bxc5 Nxc5 18. Qc3 Ra2 19. Ra1 Rfa8 20. Rxa2 Rxa2 {½-½ (47) Milutinovic,Z (2161)-Ristic,M (2194) Nis 2008}) 14... c6 15. dxc6 Bxc6 16. Qc3 axb4 {[%emt 0:01:29] The position is equal.} 17. axb4 Rac8 18. Qa3 Rfd8 19. Nb3 Be4 20. Nbd2 Bc6 21. Nb3 Be4 22. Nbd2 {[%emt 0:04:17] An interesting draw.  Weighted Error Value: White=0.08 (flawless) /Black=0.02 (flawless)} 1/2-1/2

[Event "4NCL 2021-22"]
[Site "England"]
[Date "2022.04.30"]
[Round "7.58"]
[White "Cooper, John G"]
[Black "Tanmay Chopra"]
[Result "0-1"]
[ECO "D78"]
[WhiteElo "2234"]
[BlackElo "2313"]
[Annotator "TA"]
[PlyCount "108"]
[EventDate "2021.11.27"]
[EventType "team-tourn"]
[EventCountry "ENG"]
[SourceTitle "playchess.com"]
[Source "ChessBase"]
[SourceQuality "1"]
[TimeControl "40/6000+30:3000+30"]

1. Nf3 d5 2. g3 g6 3. Bg2 Bg7 4. d4 c6 5. O-O Nf6 6. b3 O-O 7. c4 Bf5 8. Bb2 {[%emt 0:00:00] [#]} b5 $146 {[%emt 0:05:26] D78: Fianchetto Grünfeld: 6 0-0 c6.} ({Predecessor:} 8... a6 9. Nc3 Nbd7 10. e3 Ne4 11. Rc1 Rc8 12. Qe2 Ndf6 13. Ne5 Nxc3 14. Bxc3 Ne4 15. Bb2 Qa5 16. f3 {½-½ (44) Carlsen,M (2864)-Niemann,H (2642) chess24.com INT 2022}) 9. Nc3 Qb6 (9... bxc4 $11 10. bxc4 Nbd7) 10. Ne5 Qb7 {[%emt 0:03:20] The position is equal.} 11. g4 Be6 12. g5 Nh5 13. Nxc6 bxc4 $11 (13... Nxc6 14. cxd5 Nf4 15. dxc6 $16) 14. Na5 Qc7 15. Nxc4 Nf4 16. Ne3 Qd7 {[%emt 0:03:36][%mdl 1024] Black has compensation.} 17. Na4 $132 {[%emt 0:10:47][%mdl 2048] White is not holding back} Na6 18. Kh1 Rad8 19. Rg1 ({White should try} 19. Qd2 $1 $14) 19... f6 20. gxf6 Rxf6 (20... Bxf6 $11 21. Nc2 Nxg2 22. Rxg2 Bh3) 21. Bf3 Nh3 22. Rg2 Bh6 23. Qd3 Qb7 24. Nc5 (24. Qc3 $16) 24... Nxc5 25. dxc5 Nf4 $1 26. Qc2 {[%emt 0:00:49] Threatens to win with Ng4.} Nxg2 27. Kxg2 Rxf3 28. exf3 d4 29. c6 Qc7 (29... Qc8 $1 $11 {remains equal.} 30. c7 Rd6) 30. Qe4 $1 $16 Qd6 {[%emt 0:01:57][%mdl 8192] [#]} (30... Kf7 $16) 31. Bxd4 $1 Bxe3 {[%emt 0:00:22] [#]} 32. fxe3 ({Weaker is} 32. Bxe3 Bd5 33. Qg4 Rf8 $14) (32. c7 $1 $18 {[%cal Rc7d8] is the precise move to win.} Rf8 33. Qxe3 (33. fxe3 Bd5 $18)) 32... Bd5 33. Qe5 Qxe5 34. Bxe5 {[%emt 0:00:05] Black must now prevent c7.} Bxc6 {[%emt 0:00:20][%mdl 4096] Endgame KRB-KRB} 35. Rc1 Rd2+ 36. Kg3 Bd5 37. Rc5 Be6 {[%emt 0:00:18] [#]} 38. Rc7 (38. Rc6 $1 $18 Kf7 39. Ra6) 38... Rxa2 39. Rxe7 Bxb3 40. Rg7+ Kf8 41. Rxh7 Bf7 42. Bd6+ Ke8 43. Kf4 Rd2 44. Bc5 a5 45. e4 {[%emt 0:00:00] Prevents Rd5.} Rc2 46. Bd6 Rd2 47. e5 a4 48. Kg5 {[%emt 0:00:00] Hoping for Kf6.} Rd3 49. e6 Rd5+ $11 ({Don't play} 49... Rxd6 50. Rxf7 Rxe6 51. Ra7 $16) 50. Kf4 {[%emt 0:00:01] Rh8+ would kill now.} Rxd6 51. Rxf7 $2 {[%emt 0:00:17][%mdl 8192] [#]} (51. exf7+ $11 Kf8 52. Rh8+ Kxf7 53. Ra8) 51... Ra6 $1 $19 {[%emt 0:01:19] ...a3 is the strong threat. Black is clearly winning.} 52. Rc7 a3 {[%emt 0:00:12] ( -> ...a2)} 53. Rc1 a2 54. Ra1 Ra5 {[%emt 0:00:57] Weighted Error Value: White=0.37/Black=0.34} ({Inferior is} 54... Ke7 55. Kg5 $11) 0-1

[Event "4NCL 2021-22"]
[Site "England"]
[Date "2022.04.30"]
[Round "7.59"]
[White "Bisby, Daniel L"]
[Black "Blackburn, Jonathan L B"]
[Result "0-1"]
[ECO "C04"]
[WhiteElo "2296"]
[BlackElo "2227"]
[Annotator "TA"]
[PlyCount "60"]
[EventDate "2021.11.27"]
[EventType "team-tourn"]
[EventCountry "ENG"]
[SourceTitle "playchess.com"]
[Source "ChessBase"]
[SourceQuality "1"]
[TimeControl "40/6000+30:3000+30"]

1. e4 e6 2. d4 d5 3. Nd2 Nc6 4. Ngf3 Nf6 5. e5 Nd7 6. Nb3 a5 7. a4 b6 8. Bb5 Bb7 {[%emt 0:06:27] C04: French Tarrasch: 3...Nc6.} 9. O-O {[%emt 0:03:48] [#]} h6 $146 ({Predecessor:} 9... Be7 10. Re1 O-O 11. Bf4 Na7 12. Bf1 c5 13. c3 Nc6 14. Bb5 Na7 15. Bf1 Nc6 16. Bb5 {0-1 (60) Gavrilescu,D (2213)-Yemelin,V (2574) Arad 2015}) 10. Re1 g5 (10... Na7 $11) 11. Nfd2 Bg7 12. Nf1 Qe7 13. Ng3 O-O-O 14. Nh5 f5 (14... f6 $14) 15. exf6 (15. Bd2 $16) 15... Bxf6 $14 16. Qg4 Rde8 $1 17. Bd2 {[%emt 0:03:21] And now c4 would win.} Rhf8 18. Re3 e5 19. dxe5 (19. Nxf6 $14 Qxf6 20. Rf3) 19... Bxe5 $15 20. Rae1 Qd6 21. Kh1 $2 {[%emt 0:15:05] Now White is beyond hope.} (21. Ng3 $15) 21... Rxf2 $19 {[%emt 0:02:49] Strongly threatening ...Ref8.} 22. Ng3 (22. Rf3 $142 Rxf3 23. Qxf3) 22... Kb8 23. Bc3 $2 (23. Rf3 {keeps fighting.} Nf6 24. Qf5 Rxf3 25. Qxf3) 23... Ref8 {[%emt 0:01:13] White must now prevent ...d4.} 24. Bxc6 Bxc6 25. Bxe5 Nxe5 26. Qd4 ({But not} 26. Rxe5 $2 {[#]} Qxe5 $3 27. Qd1 (27. Rxe5 $2 {leads to mate.} Rf1+ 28. Nxf1 Rxf1#) 27... Qxb2 $19) 26... Nc4 27. R3e2 R2f4 28. Qc3 h5 {[%emt 0:04:54][%cal Bh6h5,Bh5h4,Bh4g3][%mdl 32] Threatens to win with ...h4.} 29. h3 $2 (29. Kg1 Bxa4 30. Nxh5) 29... h4 30. Re6 {[%emt 0:00:24] [#]} hxg3 $1 {[%emt 0:00:24] Weighted Error Value: White=0.67/Black=0.25 (precise)} 0-1

[Event "4NCL 2021-22"]
[Site "England"]
[Date "2022.04.30"]
[Round "7.60"]
[White "Kett, Tim"]
[Black "Hill, Alistair"]
[Result "1/2-1/2"]
[ECO "B33"]
[WhiteElo "2136"]
[BlackElo "2236"]
[Annotator "TA"]
[PlyCount "90"]
[EventDate "2021.11.27"]
[EventType "team-tourn"]
[EventCountry "ENG"]
[SourceTitle "playchess.com"]
[Source "ChessBase"]
[SourceQuality "1"]
[TimeControl "40/6000+30:3000+30"]

1. e4 c5 2. Nf3 Nc6 3. d4 cxd4 4. Nxd4 Nf6 5. Nc3 e5 6. Ndb5 d6 7. Bg5 a6 8. Na3 b5 9. Bxf6 gxf6 10. Nd5 f5 11. Bd3 Be6 12. c3 {[%emt 0:03:27] The modern move.} Bg7 13. Nc2 Bxd5 {[%emt 0:05:12] B33: Sicilian: Pelikan and Sveshnikov Variations.} 14. exd5 Ne7 15. a4 e4 {[%emt 0:14:39] White has an edge.} 16. Be2 bxa4 17. Rxa4 Qb6 {[%emt 0:00:27] [#]} (17... Rb8 $5 ) 18. Rb4 $146 ({Predecessor:} 18. Nb4 a5 19. Qa1 Kf8 20. O-O Be5 21. Qa3 Rg8 22. Kh1 f4 23. f3 Qe3 24. Bb5 {0-1 (35) Valdez Aguero,D (1291)-Kushnaryov,A (1982) LSS email 2009}) 18... Qc5 19. c4 O-O {[%emt 0:03:54] And now ...Rfb8 would win.} 20. O-O f4 21. Rb7 Ng6 22. b4 $2 ({Better is} 22. Kh1 $15) 22... Qc8 $19 23. Rb6 {[%emt 0:00:05] [#]} f3 $1 24. gxf3 $2 (24. Rxd6 Nf4 25. Bxf3 exf3 26. Qxf3 Qxc4 27. Ne3 Ne2+ 28. Kh1 Qxb4 29. Nf5) 24... Be5 {[%emt 0:00:05] ( -> ...Qh3)} 25. fxe4 Qd8 26. c5 Qg5+ (26... Qh4 $2 27. f4 Nxf4 28. Bg4 $19) 27. Bg4 h5 {[%emt 0:02:04][%mdl 64] [#] White must now prevent ...Qf4. Pin} 28. Ne3 $2 (28. Re1 hxg4 29. Ne3) 28... Bf4 $2 (28... hxg4 29. Qxg4 Qh6 30. h3 $11) (28... Qf4 $19 29. Re1 Qxh2+ 30. Kf1 Qh1+ 31. Ke2 Nf4+ 32. Kd2 Qxe4) 29. Re1 $2 hxg4 30. Nxg4 Ne5 31. h3 Rfb8 32. Rxb8+ Rxb8 33. Kh1 Qh4 (33... Rxb4 34. Nxe5 Qxe5 35. Qg4+ Kf8 36. c6 $11) 34. Kg2 dxc5 (34... Rxb4 $19 {and Black stays clearly on top.} 35. c6 Kf8 36. Nxe5 Bxe5) 35. Nxe5 $17 Bxe5 36. bxc5 Kh7 ({Black should try} 36... Kf8 $17 {aiming for ...Rb2.} 37. Qf3 (37. Qg4 Qxg4+ 38. hxg4 a5 $17) 37... Bd4) 37. Qf3 $11 {[%emt 0:00:13] Hoping for Qf5+.} Qg5+ 38. Kf1 Kg7 39. d6 Rb2 (39... Bd4 $15 40. d7 Bxc5) 40. Rd1 {[%emt 0:00:40] The position is equal.} Rc2 41. d7 Bc7 ({Don't play} 41... Bh2 42. Qg4 (42. Qg2 Qxg2+ 43. Kxg2 Bc7 $16) 42... Qxg4 43. hxg4 $16) 42. Rd5 Rc1+ 43. Ke2 Rc2+ 44. Kf1 {[%emt 0:00:23] Dancing on a razor blade.} Rc1+ 45. Ke2 Rc2+ {[%emt 0:00:04] And White is the lucky defender.  Weighted Error Value: White=0.58/Black=0.49} 1/2-1/2

[Event "4NCL 2021-22"]
[Site "England"]
[Date "2022.04.30"]
[Round "7.61"]
[White "McClement, Andrew"]
[Black "Macfarlane, Donald"]
[Result "1-0"]
[ECO "B90"]
[WhiteElo "2221"]
[BlackElo "2200"]
[Annotator "TA RC"]
[PlyCount "81"]
[EventDate "2021.11.27"]
[EventType "team-tourn"]
[EventCountry "ENG"]
[SourceTitle "playchess.com"]
[Source "ChessBase"]
[SourceQuality "1"]
[TimeControl "40/6000+30:3000+30"]

1. Nf3 c5 2. e4 d6 3. d4 cxd4 4. Nxd4 Nf6 5. Nc3 a6 6. Be3 Qc7 7. f3 h5 {[%emt 0:04:41] B90: Sicilian Najdorf: Unusual White 6th moves, 6 Be3 Ng4 and 6 Be3 e5.} 8. Qd2 e6 {[%emt 0:01:47] Prevents Nd5.} 9. O-O-O Nc6 {[%emt 0:00:53] White has an edge.} 10. Bd3 Ne5 11. Kb1 b5 12. g3 {[%emt 0:02:40] [#]} (12. f4 $14 Nc4 13. Bxc4 bxc4 14. Nf3) 12... Bb7 $146 ({Predecessor:} 12... Be7 13. h3 Nc4 14. Bxc4 Qxc4 15. g4 g6 16. Bg5 b4 17. Nce2 Rb8 18. Nb3 Qc7 19. Bxf6 Bxf6 20. Qxd6 Qxd6 21. Rxd6 hxg4 22. fxg4 {½-½ (55) Amon,N (1976)-Djoric,D (2288) Hum na Sutli 2015}) 13. h3 Rc8 14. g4 d5 (14... b4 $15 {stays ahead.} 15. Nce2 d5 16. exd5 Nxd5) 15. g5 $1 $16 b4 {[%emt 0:03:28] [#]} 16. gxf6 $2 ({White has to play} 16. Ncb5 $1 $16 axb5 17. gxf6 Nxd3 18. fxg7 (18. Qxd3 gxf6 19. Qxb5+ Qd7 $11) (18. Nxb5 Qd7 $11) 18... Bxg7 19. cxd3 (19. Qxd3 dxe4 20. Qxb5+ Bc6 $14)) 16... bxc3 $11 17. fxg7 Bxg7 18. Qxc3 (18. Qg2 $5 Rg8 19. b3 $17) 18... Qxc3 19. bxc3 {[%emt 0:00:19] [#]} Nxf3 $1 20. exd5 (20. Nxf3 dxe4 21. Rhg1 Bxc3 $17) 20... Bxd5 {[%emt 0:01:24] ...Nxd4 is the strong threat.} 21. Rhf1 Ne5 22. Bxa6 Rxc3 23. Bb5+ Ke7 (23... Kf8 $1 $15 24. Nf5 exf5) 24. Bd2 Rxh3 25. Bb4+ Kd8 {[%emt 0:00:08] [#]} 26. Nf5 $1 Bf8 27. Bxf8 Rxf8 28. c4 $1 {[%emt 0:00:08][%cal Bc2c4,Bc4d5,Bd5d6,Bd6d7][%mdl 96] Hoping for Ng7. Pin} Kc7 29. cxd5 $16 {[%emt 0:00:50][%cal Of1e1] Black must now prevent Rfe1!} exf5 {[%emt 0:00:06] [#]} 30. d6+ $1 Kb6 {[%emt 0:01:06] [#]} 31. d7 $1 Rd8 32. a4 ({But not} 32. Rxf5 $6 Kxb5 33. Rxe5+ Kc6 $11) ({White should try} 32. Rd5 $16 f6 33. a4 (33. Rxf5 Rh1+ 34. Kc2 Rh2+ 35. Kc1 Rh1+ 36. Kd2 Rh2+ 37. Ke1 Rh1+ 38. Ke2 Rh2+ 39. Ke1 Rh1+ 40. Kf2 Kc7 $14)) 32... f6 {[%emt 0:07:47] This costs Black the game.} (32... Rb3+ $1 $11 {and Black is okay.} 33. Kc2 Rf3) 33. Rxf5 $18 Ng4 (33... Rf3 34. Rxh5 Rf4) 34. Rd6+ Kb7 35. Rc5 {[%emt 0:03:30] White wants to mate with Ba6+.} h4 (35... Rb3+ $18 36. Kc2 Rxb5 37. axb5 h4) 36. Rc8 {[%emt 0:00:41] White mates.} Rxd7 37. Bxd7 Rh1+ 38. Rc1 Rxc1+ 39. Kxc1 Kc7 {[%emt 0:00:01] [#]} 40. Bxg4 $1 Kxd6 41. Kd2 {[%emt 0:50:03] Weighted Error Value: White=0.17 (very precise) /Black=0.54} 1-0

[Event "4NCL 2021-22"]
[Site "England"]
[Date "2022.04.30"]
[Round "7.62"]
[White "Zeidler, Sven P."]
[Black "Mihalik, Agoston"]
[Result "1/2-1/2"]
[ECO "B23"]
[WhiteElo "2172"]
[BlackElo "2165"]
[Annotator "TA"]
[PlyCount "61"]
[EventDate "2021.11.27"]
[EventType "team-tourn"]
[EventCountry "ENG"]
[SourceTitle "playchess.com"]
[Source "ChessBase"]
[SourceQuality "1"]
[TimeControl "40/6000+30:3000+30"]

1. e4 c5 2. Nc3 a6 3. f4 e6 4. Nf3 b5 5. d3 Bb7 6. Be2 {[%emt 0:00:14] B23: Closed Sicilian: Lines without g3.} d5 7. exd5 exd5 8. d4 {[%emt 0:00:04] Black has an edge.} Nf6 9. Be3 Nbd7 10. O-O {[%emt 0:16:24] [#]} Be7 $146 (10... Ng4 $5 11. Bd2 Be7 $15) ({Predecessor:} 10... Bd6 11. Ne5 Qe7 12. Bf3 O-O 13. Qd2 b4 14. Ne2 cxd4 15. Bxd4 Ne4 16. Bxe4 dxe4 17. Nxd7 Qxd7 {½-½ (53) Janocha,J (1744)-Domanski,L (1975) Gora Sw Anny 2016}) 11. Nh4 (11. dxc5 $11 Nxc5 12. a4) 11... O-O $17 12. Nf5 Re8 13. Bf3 (13. a3 $142) 13... Bf8 {[%emt 0:02:04] Strongly threatening ...g6.} 14. Bf2 Ne4 ({Black should play} 14... g6 $17 15. Ng3 (15. Ne3 $2 cxd4 16. Nexd5 dxc3 $19) 15... Ne4 16. Bxe4 dxe4) 15. Bxe4 $15 dxe4 16. Qg4 (16. dxc5 $142 Nxc5 17. Qg4) 16... Kh8 ({Black should try} 16... h5 $17 17. Qd1 (17. Qxh5 $2 g6 $19) 17... Qf6) 17. dxc5 Nxc5 ({Better is} 17... Nf6 $17 18. Qg5 h6) 18. Rad1 Qc7 19. Nd5 Bxd5 20. Rxd5 Ne6 21. Nd4 {[%emt 0:14:25] [#]} (21. c3 $15) 21... Nxd4 ({Stronger than} 21... Nxf4 22. Rf5 (22. Rd7 $2 Qc8 $17) 22... Ng6 23. Re1 $15) ({Worse is} 21... Qxf4 22. Qxf4 Nxf4 23. Rf5 $15) (21... Qc4 $1 $19 22. Nxe6 (22. Rd7 $2 Qc8 $19) 22... Rxe6) 22. Bxd4 $17 Qxc2 23. Rg5 $2 (23. Qd1 $17 Qc4 24. b3) 23... f6 $19 24. Rh5 e3 25. f5 {[%emt 0:02:17] aiming for Qg6.} e2 26. Re1 {[%emt 0:01:24] Black must now prevent Qh3.} Qe4 $2 (26... Bc5 $19 27. b4 {[#]} Re4 $1 28. Rxh7+ Kxh7 29. Qh3+ Kg8 30. Bxc5 Qxa2) 27. Rxh7+ $1 $11 {[%emt 0:02:57][%mdl 64] Decoy. The position is equal.} Kxh7 28. Qh3+ Kg8 29. Qb3+ Kh7 30. Qh3+ Kg8 31. Qb3+ {[%emt 0:00:06] Weighted Error Value: White=0.53/Black=0.31} 1/2-1/2

[Event "4NCL 2021-22"]
[Site "England"]
[Date "2022.04.30"]
[Round "7.63"]
[White "Robertson, J Stuart"]
[Black "Bullen, Alex"]
[Result "0-1"]
[ECO "E46"]
[WhiteElo "2174"]
[BlackElo "2079"]
[Annotator "TA"]
[PlyCount "118"]
[EventDate "2021.11.27"]
[EventType "team-tourn"]
[EventCountry "ENG"]
[SourceTitle "playchess.com"]
[Source "ChessBase"]
[SourceQuality "1"]
[TimeControl "40/6000+30:3000+30"]

1. d4 Nf6 2. c4 e6 3. Nc3 Bb4 4. e3 O-O 5. Nge2 Re8 6. a3 Bf8 7. Ng3 d5 8. Be2 {[%emt 0:03:12] E46: Nimzo-Indian: Rubinstein: 4 e3 0-0 5 Ne2 without early Bd3.} b6 9. O-O {[%emt 0:01:23] 9.0-0 scores better than 9.cxd5.} Bb7 10. b4 {[%emt 0:05:08][%cal Bb2b4,Bb4b5][%mdl 32] The position is equal.} dxc4 {[%emt 0:01:58] [#]} 11. e4 $146 (11. Bxc4 $11 c5 12. bxc5) ({Predecessor:} 11. Bxc4 c5 12. dxc5 bxc5 13. b5 Nbd7 14. e4 Ne5 15. Be2 c4 16. Qc2 Rc8 17. Rd1 {½-½ (69) Tran,T (2547)-Tan,J (2450) Kuala Lumpur 2017}) 11... c5 (11... a5 $17 12. b5 c5) 12. dxc5 bxc5 13. b5 Nbd7 (13... a6 $5 ) 14. Bf4 Qa5 15. Qc2 a6 16. Rfb1 e5 (16... axb5 $11 17. Nxb5 (17. Rxb5 Qa6 $11) 17... Bc6 18. Qxc4 e5) 17. Be3 axb5 18. Nxb5 Qa4 (18... Bc6 $14 19. Bxc4 Rec8) 19. Qc1 $2 (19. Qxa4 $16 Rxa4 20. Bd1 (20. Nc3 Ra7 $14)) 19... Reb8 (19... Nxe4 $15 20. Nc7 Nxg3 21. hxg3 Be4) 20. Nc3 $11 {[%emt 0:04:05][%mdl 1024] White has compensation.} Qa6 21. a4 Bc6 22. a5 Rb4 23. f3 Rab8 24. Qf1 Rxb1 (24... g6 $14) 25. Nxb1 $16 Bb5 (25... Qa7 $16) 26. Nc3 $18 Ne8 (26... Qa8 $142 27. Nxb5 (27. Bxc4 Bxc4 28. Qxc4 Rb4 $14) 27... Rxb5) 27. Nxb5 Qxb5 28. Bxc4 Qb4 29. Bd5 ({Better is} 29. a6 $18 {Strongly threatening a7.} Nc7 30. Nf5) 29... Nc7 30. Bc6 {[%emt 0:00:20] This bishop pair is nice.} Nf6 31. a6 {[%emt 0:01:21][%cal Ba5a6,Ba6a7][%mdl 32] a7 is the strong threat.} Rb6 32. Bb7 Nfe8 (32... g6 $16 {keeps fighting.} 33. Bc8 Rb5) 33. Bf2 Nd6 34. Bd5 Nxd5 35. exd5 Rb8 36. a7 Ra8 37. Qa6 Nc8 38. Rd1 (38. Rf1 $16) 38... Qb6 (38... Qb3 $11 39. Qf1 Rxa7) 39. Qxb6 Nxb6 40. d6 Nd7 41. Ne4 $2 (41. Ra1 $18) 41... Rxa7 $11 42. Bxc5 Rb7 {[%emt 0:00:00] [#] Threatens to win with ...f5.} 43. Ba3 Ra7 (43... f5 $5 44. Ng5 (44. Nc5 Nxc5 45. Bxc5 Kf7 $17) 44... Rb3 $15) 44. Rd3 f5 45. Ng5 h6 46. Ne6 Kf7 47. Nc7 g5 48. Kf2 Bg7 49. Ke3 Bf6 50. g4 {[%emt 0:00:00] [#]} ({White should try} 50. Rb3 $15) 50... fxg4 ({Black should play} 50... e4 $1 $17 51. fxe4 fxg4) 51. fxg4 Ra4 52. h3 e4 53. Rb3 Bd4+ 54. Ke2 Be5 55. Bb4 Bf4 56. Ba3 Rd4 {[%emt 0:00:00] White must now prevent ...Rd2+.} 57. Rb7 $2 (57. Bb4 $15) 57... Rd2+ $19 58. Ke1 e3 59. Nd5 Bg3+ {[%emt 0:00:00] What a bad dream for White.  Weighted Error Value: White=0.58/Black=0.30} 0-1